AoeStats
← ollie1001

Arena

508043105Analyzed
1v1 RM · 10d ago on Sep 20, 2026· 63m 56s· 2 players
Game mode
Random Map
Map size
Tiny (2 player)
Population
200
Speed
Normal
Resources
Standard
Victory
Conquest
Starting age
Dark Age
Ending age
Imperial Age
RankedLock teamsTeams togetherTeam positionsShared explorationLock speedFull tech treeHidden civsTurbo modeCheats
Victory
Defeat
🇬🇧 Slavs · United Kingdom
679
+18
🇧🇷 Britons · Brazil
722
-18
guilherme
10:29 Feudal Age
11:05 Double-Bit Axe
11:17 Horse Collar
11:47 Loom
22:48 Castle Age
23:04 Stone Mining
23:12 Gold Mining
23:32 Heavy Plow
23:53 Bow Saw
25:10 Gold Shaft Mining
26:38 Elite Skirmisher
28:23 Squires
28:08 Arson
30:14 Pikeman
31:24 Crossbowman
32:36 Scale Mail Armor
34:27 Padded Archer Armor
39:11 Imperial Age
36:56 Masonry
37:07 Ballistics
37:23 Murder Holes
38:11 Fortified Wall
39:16 Halberdier
41:02 Hoardings
41:39 Wheelbarrow
40:49 Town Watch
42:19 Fletching
42:44 Leather Archer Armor
42:19 Light Cavalry
44:28 Two-Man Saw
44:14 Conscription
45:10 Warwolf
45:59 Forging
46:06 Chain Mail Armor
47:17 Capped Ram
49:13 Chemistry
50:05 Siege Engineers
49:31 Arbalester
53:46 Husbandry
54:03 Town Patrol
54:18 Hand Cart
59:44 Yeomen
ollie1001
4:16 Loom
10:37 Feudal Age
11:29 Double-Bit Axe
12:27 Horse Collar
20:52 Castle Age
19:08 Gold Mining
19:59 Bloodlines
20:04 Scale Barding Armor
22:02 Chain Barding Armor
22:24 Padded Archer Armor
22:14 Fletching
23:52 Stone Mining
24:45 Wheelbarrow
24:32 Heavy Plow
27:48 Hand Cart
27:48 Bow Saw
27:05 Light Cavalry
30:10 Elite Skirmisher
31:37 Detinets
34:44 Imperial Age
32:22 Murder Holes
32:48 Ballistics
32:39 Masonry
32:31 Town Watch
34:00 Gold Shaft Mining
33:36 Pikeman
34:50 Leather Archer Armor
35:31 Town Patrol
36:39 Chemistry
36:50 Crop Rotation
37:29 Fortified Wall
38:10 Conscription
40:59 Hoardings
40:26 Druzhina
41:22 Elite Boyar
42:20 Halberdier
42:23 Hussar
44:05 Two-Man Saw
43:45 Ring Archer Armor
43:11 Bodkin Arrow
43:52 Plate Barding Armor
43:25 Siege Engineers
44:10 Onager
45:30 Husbandry
45:33 Scale Mail Armor
50:32 Chain Mail Armor
50:27 Forging
54:02 Man-at-Arms
55:27 Long Swordsman
56:42 Two-Handed Swordsman
61:45 Capped Ram
Connection lost

Rejoining the realm…

Still unreachable

The connection could not be restored.

Session expired

The server has moved on; the page needs a fresh start.